AoeStats
← 白鹿城拉车车

QS Arena

503596172Analyzed
1v1 RM · 29d ago on Sep 1, 2026· 39m 32s· 2 players
Game mode
Random Map
Map size
Tiny (2 player)
Population
200
Speed
Normal
Resources
Standard
Victory
Conquest
Starting age
Dark Age
Ending age
Imperial Age
RankedLock teamsTeams togetherTeam positionsShared explorationLock speedFull tech treeHidden civsTurbo modeCheats
Victory
Defeat
🇨🇳 Malay · China
1002
+26
🇹🇷 Hindustanis · Türkiye
1011
-16
白鹿城拉车车
8:29 Feudal Age
10:09 Loom
14:30 Castle Age
12:20 Double-Bit Axe
12:45 Horse Collar
14:48 Bow Saw
22:38 Wheelbarrow
22:59 Sanctity
23:11 Heavy Plow
23:34 Gold Mining
25:17 Hand Cart
28:18 Imperial Age
26:32 Forging
26:41 Scale Barding Armor
26:55 Husbandry
28:05 Iron Casting
28:29 Block Printing
29:08 Fletching
30:12 Conscription
29:50 Bodkin Arrow
30:00 Padded Archer Armor
31:02 Chemistry
29:43 Treadmill Crane
31:12 Gold Shaft Mining
30:01 Elite Skirmisher
31:32 Thumb Ring
31:33 Stone Mining
31:49 Bracer
32:05 Leather Archer Armor
32:14 Ballistics
32:50 Siege Engineers
34:21 Blast Furnace
34:34 Stone Shaft Mining
34:34 Crop Rotation
34:57 Ring Archer Armor
34:37 Town Watch
35:19 Heavy Scorpion
37:05 Town Patrol
38:49 Forced Levy
40:19 Guilds
Lione..
8:35 Feudal Age
12:16 Castle Age
10:47 Double-Bit Axe
14:48 Horse Collar
16:48 Loom
20:17 Crossbowman
21:02 Thumb Ring
20:57 Fletching
23:02 Gold Mining
24:31 Bodkin Arrow
26:10 Padded Archer Armor
26:33 Ballistics
27:07 Leather Archer Armor
26:45 Light Cavalry
27:25 Husbandry
27:49 Forging
32:39 Imperial Age
31:55 Iron Casting
31:26 Scale Barding Armor
32:46 Bloodlines
34:22 Chemistry
33:37 Heavy Camel Rider
33:43 Hussar
34:31 Bracer
35:03 Ring Archer Armor
37:08 Blast Furnace
36:11 Hussar
Connection lost

Rejoining the realm…

Still unreachable

The connection could not be restored.

Session expired

The server has moved on; the page needs a fresh start.